[Event "*** Titled Tuesday Blitz"]
[Site "Chess.com"]
[Date "2020.05.19"]
[Round "7"]
[White "Shukh_Nikolay"]
[Black "Norival"]
[Result "1/2-1/2"]
[WhiteElo "2547"]
[BlackElo "2668"]
[TimeControl "180+1"]
[EndTime "13:22:19 PDT"]
[Termination "Game drawn by agreement"]

1. e4 e5 2. Nf3 Nc6 3. Bb5 a6 4. Ba4 d6 5. c4 Nf6 6. Nc3 Bd7 7. O-O g6 8. d4 exd4 9. Bxc6 bxc6 10. Nxd4 Bg7 11. h3 O-O 12. Bg5 h6 13. Bh4 Qb8 14. Rb1 Qb4 15. Qd3 Rfe8 16. Rfe1 Be6 17. Nxe6 Rxe6 18.
Re2 Nd7 19. Rc2 Nc5 20. Qf1 Nxe4 21. Nxe4 Rxe4 22. Bg3 c5 23. b3 Rae8 24. Kh2 Bd4 25. Qd3 h5 26. h4 a5 27. Qd2 Qxd2 28. Rxd2 Re2 29. Rbd1 Rxd2 30. Rxd2 a4 31. Kh3 Rb8 32. Rd3 Kg7 33. f3 axb3 34. axb3 Ra8 35. Bf4 Ra1 36.
Be3 Be5 37. g3 Kf6 38. Kg2 Ke6 39. f4 Bg7 40. Kf3 f5 41. Bf2 Bf6 42. Re3+ Kd7 43. Rd3 Ra5 44. Be3 c6 45. Bf2 Kc7 46. Re3 Ra8 47. Re6 Rf8 48. Re3 Kd7 49. Rd3 Kc7 50.
Re3 Rf7 51. Rd3 Re7 52. Be3 Re8 53. Bf2 Bb2 54. Be3 Ba3 55. Bf2 Bb4 56. Be3 Re4 57. Bf2 Kd7 58. Be3 Ke6 59. Bf2 d5 60. cxd5+ cxd5 61. Be3 d4 62. Bf2 Kd5 63. Rd1 Re6 64. Ra1 d3 65. Rd1 d2 66. Be3 c4 67. bxc4+ Kxc4 68. Bxd2 Rd6 69. Rc1+ Kb5 70. Bxb4 Kxb4 71. Rb1+ Kc4 72.
Rc1+ Kd5 73. Rd1+ Ke6 74. Re1+ Kf6 75. Re3 Re6 76. Re2 Rxe2 77. Kxe2 Ke6 78. Ke3 Kd5 1/2-1/2

[Event "*** Titled Tuesday Blitz"]
[Site "Chess.com"]
[Date "2020.05.19"]
[Round "7"]
[White "bait_or_mate"]
[Black "IMRosen"]
[Result "0-1"]
[WhiteElo "2455"]
[BlackElo "2600"]
[TimeControl "180+1"]
[EndTime "13:22:19 PDT"]
[Termination "IMRosen won by resignation"]

1. d4 d5 2. c4 e6 3. Nf3 Nf6 4.
g3 dxc4 5. Bg2 Bb4+ 6. Nbd2 b5 7. O-O O-O 8. Ne1 Nd5 9. Nc2 Be7 10. e4 Nb6 11. Qe2 Bb7 12. Rd1 N8d7 13. b3 c3 14. Nf3 b4 15. Bf4 a5 16. h4 Re8 17. Qe3 Nf6 18. Ne5 Qc8 19. g4 c5 20. Qe2 cxd4 21.
Nxd4 Nfd7 22. g5 Nxe5 23. Bxe5 Nd7 24. Bg3 Nf8 25. Qe3 Bc5 26. Qf3 Rd8 27. Nb5 Qc6 28. Nc7 Rac8 29. Rxd8 Rxd8 30. Rd1 Rxd1+ 31. Qxd1 c2 32.
Qxc2 Nd7 33. Qc4 a4 34. Qb5 Qxb5 35. Nxb5 e5 36. bxa4 Nb6 37. a5 Nc4 38. Bf1 Nxa5 39. Bxe5 Bxe4 40. Bd6 Bxd6 41. Nxd6 Bd5 42. f4 Bxa2 43. f5 b3 44. Nc4 Nc6 45. Nb2 Bb1 46. f6 gxf6 47. gxf6 Kf8 48. Bc4 Nd4 49. Kf2 Bc2 50. Ke3 Nf5+ 51. Kd2 Nxh4 52. Kc3 Nf3 53. Bxb3 Bxb3 54. Kxb3 Ng5 55. Kc4 Ne4 56. Kd4 Nxf6 57. Ke5 Nd7+ 58. Kf5 Kg7 59. Nd3 Nf8 60. Nf4 Ne6 61. Nh5+ Kh6 62. Nf6 Ng7+ 63. Kg4 Kg6 64. Nd5 Ne6 65. Kh4 f5 66. Ne3 Kf6 67. Ng2 Ke5 68.
Kg3 Kf6 69. Kf3 Kg5 70. Ne3 h5 71. Nf1 h4 72. Nh2 Nd4+ 73. Kg2 Kf4 74. Nf1 Kg4 75. Nh2+ Kg5 76. Nf1 Ne6 77. Nh2 Nf4+ 78. Kf3 Ng6 79. Kg2 Ne5 80. Kf2 Ng4+ 0-1

[Event "*** Titled Tuesday Blitz"]
[Site "Chess.com"]
[Date "2020.05.19"]
[Round "7"]
[White "archess2"]
[Black "Gerodot71"]
[Result "1/2-1/2"]
[WhiteElo "2283"]
[BlackElo "2405"]
[TimeControl "180+1"]
[EndTime "13:22:20 PDT"]
[Termination "Game drawn - insufficient material"]

1. d4 Nf6 2. c4 e6 3. Nc3 d5 4. cxd5 exd5 5. Bg5 Be7 6. e3 O-O 7. Bd3 Re8 8. Bxf6 Bxf6 9. Qh5 g6 10. Qxd5 Bxd4 11.
Qxd8 Bxc3+ 12. bxc3 Rxd8 13. Bc4 Bf5 14. Nf3 Nd7 15. O-O Nb6 16. Bb3 Kg7 17. Rfd1 c5 18. Nh4 Be4 19. f3 Bc6 20. Kf2 Kf6 21. f4 Be4 22. a4 c4 23. Ba2 Rxd1 24. Rxd1 Nxa4 25. Bxc4 Nxc3 26. Rd7 Rf8 27. Nf3 b5 28. Bb3 Bxf3 29. Kxf3 a5 30. e4 a4 31. e5+ Kg7 32. Bc2 b4 33. Rb7 b3 34. Bxb3 axb3 35. Rxb3 Nd5 36. Ke4 Ne7 37. Rb7 Re8 38. g4 Nc8 39. Kd5 Kf8 40. f5 gxf5 41. gxf5 Ne7+ 42. Ke4 Nc6 43.
Rb5 Kg7 44. Rc5 Nd8 45. Rc7 Kf8 46. Kd5 Re7 47. Rc8 Ke8 48. e6 fxe6+ 49. fxe6 Ra7 50. Kd6 Ra6+ 51. Kd5 Ra2 52. h4 Rh2 53. Kd6 Rd2+ 54. Ke5 Re2+ 55. Kf5 Rf2+ 56. Kg5 Re2 57. Kf5 Ke7 58.
Rc7+ Ke8 59. Rxh7 Nxe6 60. Rh8+ Kf7 61. Ra8 Ng7+ 62. Kg4 Re5 63. Ra7+ Kg6 64. Ra6+ Kh7 65. Ra7 Rb5 66. h5 Kh6 67. Ra6+ Kh7 68. h6 Rb4+ 69. Kg5 Rb5+ 70. Kf6 Kxh6 71. Kf7+ Kh7 72. Ra1 Rf5+ 73. Ke7 Kg6 74. Rg1+ Kh7 75. Rh1+ Kg8 76. Ra1 Rf7+ 77. Kd6 Nf5+ 78. Ke5 Kg7 79. Rg1+ Kh6 80. Rf1 Re7+ 81. Kf4 Rf7 82. Rh1+ Kg6 83. Ke5 Re7+ 84. Kd5 Kf6 85. Kc4 Re5 86. Ra1 Ke6 87. Ra6+ Nd6+ 88. Kd3 Kd5 89.
Ra5+ Ke6 90. Rxe5+ Kxe5 1/2-1/2

[Event "*** Titled Tuesday Blitz"]
[Site "Chess.com"]
[Date "2020.05.19"]
[Round "7"]
[White "GMALMEIDA"]
[Black "THE_PLAYER6"]
[Result "1/2-1/2"]
[WhiteElo "2669"]
[BlackElo "2520"]
[TimeControl "180+1"]
[EndTime "13:22:24 PDT"]
[Termination "Game drawn by agreement"]

1. d4 d5 2. c4 e6 3. Nf3 Nf6 4. Nc3 Be7 5. Bg5 h6 6. Bh4 O-O 7. e3 b6 8. Qb3 Bb7 9. Bxf6 Bxf6 10. cxd5 exd5 11. Rd1 c5 12. dxc5 Nd7 13. cxb6 Nc5 14. Qb4 Qxb6 15. Qxb6 axb6 16. Nd4 Ne4 17. Nxe4 dxe4 18.
Bc4 Rfc8 19. Bb3 Ba6 20. Kd2 Bd3 21. Rc1 Rd8 22. Rc6 b5 23. Rhc1 Bxd4 24. exd4 Rxd4 25. Ke3 Rd7 26. Rc8+ Rxc8 27. Rxc8+ Kh7 28. Rc5 Kg6 29. Rd5 Rc7 30. f3 f5 31. Kf4 Bc4 32. Rxf5 Bxb3 33.
axb3 exf3 34. gxf3 Rc2 35. h4 Rxb2 36. Rxb5 Kf6 37.
Rb6+ Kf7 38. b4 Rb1 39. b5 Rh1 40. Kg4 Rg1+ 41. Kf5 g6+ 42. Kf4 Rh1 43. Kg3 Rg1+ 44. Kh2 Rf1 45. Kg2 Rb1 46. Rb7+ Kf6 47. b6 h5 48. Rb8 Kf7 49. Kg3 Rb4 50. b7 Kg7 51. Kf2 Rb2+ 52. Ke3 Rb1 53. Kd4 Rd1+ 54. Ke5 Re1+ 55.
Kf4 Rb1 56. Kg3 Rb4 57. f4 Rb3+ 58. Kf2 Rb2+ 59. Ke3 Rb3+ 60. Kd4 Rb4+ 61. Kc5 Rb1 62. Kd5 Rd1+ 63. Ke5 Rb1 64. f5 Rb5+ 65. Kf4 gxf5 66. Kg5 Kh7 67. Kxh5 f4+ 68. Kg4 Rb4 69. h5 Rb1 70.
Kxf4 Rb4+ 71. Kf3 Rb3+ 72. Ke2 Rb2+ 73. Kd3 Rb1 74. Kc4 Rb2 75. h6 Rb1 76. Kd5 Rd1+ 77. Ke6 Re1+ 78. Kf5 Rf1+ 79. Kg4 Rg1+ 80. Kh5 Rh1+ 81. Kg5 Rg1+ 82. Kf4 Rf1+ 83. Kg5 1/2-1/2

[Event "*** Titled Tuesday Blitz"]
[Site "Chess.com"]
[Date "2020.05.19"]
[Round "7"]
[White "chenxiaoyuer"]
[Black "umngqusho"]
[Result "1-0"]
[WhiteElo "2296"]
[BlackElo "2477"]
[TimeControl "180+1"]
[EndTime "13:22:26 PDT"]
[Termination "chenxiaoyuer won by checkmate"]

1. e4 e5 2. Nf3 Nc6 3. Bb5 a6 4. Ba4 Nf6 5. d3 d6 6. c3 g6 7. O-O Bg7 8. Nbd2 O-O 9. Re1 b5 10. Bc2 Re8 11. Nf1 h6 12. h3 d5 13. Qe2 Be6 14.
Ng3 d4 15. Rd1 Nd7 16. cxd4 exd4 17. Nh2 Nb4 18. Bb1 c5 19. a3 Nc6 20. f4 Nb6 21. Qc2 Qd6 22. e5 Qd5 23. Ne4 c4 24. Ng4 Bxg4 25. hxg4 Rad8 26. Qf2 Na5 27. Bc2 Nc6 28.
Qh4 Re6 29. g5 h5 30. g4 hxg4 31. Rf1 cxd3 32. Bxd3 Nc4 33. Rf2 g3 34. Qxg3 N6xe5 35. fxe5 Qxe5 36. Bf4 Qd5 37. Re1 Rde8 38. Rfe2 Ne3 39.
Bxe3 dxe3 40. Qf3 Rxe4 41. Bxe4 Qxg5+ 42. Qg2 Qh6 43. Bf3 Bd4 44. Rd1 Qf4 45. Rd3 Qf6 46. Rc2 Kg7 47. Re2 Re7 48. b4 Qf4 49. Qh3 g5 50. Qg4 f5 51. Qxf4 gxf4 52. Rxd4 Kf6 53. Rxf4 Rg7+ 54. Kf1 Ke5 55. Rh4 f4 56. Rh5+ Kd4 57. Rf5 Rg3 58. Rxf4+ Kd3 59. Rf5 Rh3 60. Rd5+ Kc4 61. Rxe3 Rh2 62. Bg2 Rh4 63. Rde5 Rd4 64.
R3e4 Rxe4 65. Rxe4+ Kb3 66. Re6 Kxa3 67. Rxa6+ Kxb4 68. Rb6 Kc5 69. Rb8 b4 70. Ke2 Kc4 71. Kd2 Kb3 72. Be4 Kc4 73. Bd3+ Kd4 74. Rxb4+ Kc5 75. Rh4 Kd5 76. Kc3 Ke5 77. Rh5+ Kf4 78. Rf5+ Kg4 79. Kd4 Kg3 80. Ke3 Kg4 81. Rf2 Kg3 82.
Be4 Kh3 83. Rg2 Kh4 84. Kf4 Kh3 85. Rg1 Kh2 86. Rh1# 1-0

[Event "*** Titled Tuesday Blitz"]
[Site "Chess.com"]
[Date "2020.05.19"]
[Round "7"]
[White "Anna_ChessMate"]
[Black "MilanJeremic"]
[Result "1-0"]
[WhiteElo "2530"]
[BlackElo "2301"]
[TimeControl "180+1"]
[EndTime "13:22:32 PDT"]
[Termination "Anna_ChessMate won by resignation"]

1. d4 d5 2. c4 c6 3. Nc3 Nf6 4. e3 g6 5. Nf3 Bg7 6. h3 O-O 7. Bd3 Nbd7 8. O-O dxc4 9. Bxc4 Nb6 10. Bd3 Nbd5 11. a3 Re8 12. e4 Nxc3 13. bxc3 Nd7 14. Bg5 Qa5 15. Qd2 e5 16. Bh6 exd4 17. Bxg7 Kxg7 18.
Nxd4 Ne5 19. Bc2 Rd8 20. Qg5 f6 21. Qg3 c5 22. Nb3 Qc7 23. Rae1 Be6 24. Nc1 Rd7 25. f4 Nf7 26. Qe3 c4 27. f5 gxf5 28. exf5 Bd5 29.
Rf2 Qb6 30. Qg3+ Kh8 31. Qh4 Rg8 32. Kf1 Ng5 33. Ne2 Re7 34. Qd4 Qxd4 35. Nxd4 Rxe1+ 36. Kxe1 Re8+ 37. Kd2 Kg7 38. h4 Nf7 39. g3 Ne5 40.
Re2 Rd8 41. Kc1 Bf7 42. Be4 b6 43. Kc2 a6 44. Rf2 b5 45. Rf4 h5 46. Rf2 Ng4 47. Re2 Rb8 48. Nc6 Rb6 49. Ne7 a5 50. Bd5 Ne5 51. Bxf7 Kxf7 52. Nd5 Rd6 53. Nf4 b4 54. axb4 axb4 55. cxb4 Ra6 56. Kc3 Ra3+ 57. Kd4 Rxg3 58. b5 Rg4 59. Re4 c3 60. Kxc3 Rxh4 61. b6 Rh1 62. b7 Rc1+ 63. Kb2 Nc6 64. Kxc1 Nb8 65. Nxh5 Na6 66. Nxf6 Kxf6 67. Re8 Kxf5 68. b8=Q Nxb8 69.
Rxb8 Kf6 70. Rb5 Ke6 71. Kc2 Kd6 72. Kc3 Kc6 73. Rh5 Kd6 74. Kd4 Ke6 75. Rd5 Kf6 76. Ke4 Ke6 77. Rd4 Ke7 78. Ke5 Kf7 79. Rd6 Ke7 80. Rd5 Kf7 81. Rd6 Ke7 82. Rc6 Kd7 83. Rh6 Kc7 84. Kd5 Kd7 85. Rh7+ Ke8 86. Kd6 1-0

[Event "*** Titled Tuesday Blitz"]
[Site "Chess.com"]
[Date "2020.05.19"]
[Round "7"]
[White "Lagmantr"]
[Black "MPGM"]
[Result "1-0"]
[WhiteElo "2680"]
[BlackElo "2528"]
[TimeControl "180+1"]
[EndTime "13:22:35 PDT"]
[Termination "Lagmantr won by resignation"]

1. e4 c6 2. d4 d5 3. Nc3 dxe4 4. Nxe4 Nf6 5. Nxf6+ exf6 6. c3 Bd6 7. Bd3 O-O 8.
Qc2 Re8+ 9. Ne2 h5 10. Be3 Na6 11. O-O-O Nc7 12. h3 Nd5 13. Bd2 Qc7 14. g4 h4 15. g5 f5 16. Rhe1 Bd7 17. Bxf5 b5 18. g6 f6 19. Ng1 Bf4 20. Bxd7 Qxd7 21. Kb1 Bxd2 22. Qxd2 Qf5+ 23. Qc2 Qf4 24. c4 bxc4 25.
Rxe8+ Rxe8 26. Qxc4 Qf5+ 27. Qc2 Qxc2+ 28. Kxc2 Nf4 29.
Kd2 Nxg6 30. Rc1 Re4 31. Nf3 Ne7 32. Kd3 Rf4 33. Ke3 Nd5+ 34. Ke2 Re4+ 35. Kf1 Nb4 36. a3 Nd3 37. Rxc6 Nxb2 38. d5 Kf7 39. Rc7+ Ke8 40.
Rxg7 Nc4 41. Rxa7 Rf4 42. Kg2 Kd8 43. Rh7 Nxa3 44. Rxh4 Rf5 45. Rd4 Nb5 46. Rd3 Nc7 47. d6 Ne6 48. Nd4 Rg5+ 49. Kf3 Ng7 50. h4 Rh5 51. Kg4 f5+ 52. Kg3 Kd7 53. f4 Rh6 54.
Nf3 Rg6+ 55. Kh3 Rxd6 56. Ne5+ Ke6 57. Rb3 Ne8 58. Rb7 Nf6 59. Rf7 Ne4 60. Rf8 Ra6 61.
Re8+ Kf6 62. Rg8 Ra3+ 63. Kh2 Ke6 64. Rg6+ Kd5 65. h5 Nd2 66. Rg2 Nf3+ 67. Nxf3 Rxf3 68. h6 Rxf4 69. Kh3 Rf1 70. h7 Rh1+ 71. Rh2 Rg1 72. h8=Q Ke4 73. Qh5 f4 74. Qh4 Kf3 75. Qh5+ Ke4 76.
Re2+ Kd3 77. Qe5 Rg3+ 78. Kh4 Re3 79. Rxe3+ fxe3 80. Kg3 e2 81. Kf2 1-0

[Event "*** Titled Tuesday Blitz"]
[Site "Chess.com"]
[Date "2020.05.19"]
[Round "7"]
[White "Anton_Demchenko"]
[Black "GoltsevDmitry2000"]
[Result "0-1"]
[WhiteElo "2809"]
[BlackElo "2587"]
[TimeControl "180+1"]
[EndTime "13:22:38 PDT"]
[Termination "GoltsevDmitry2000 won by checkmate"]

1. e4 c6 2. d4 d5 3. e5 e6 4.
Nf3 Nd7 5. c3 Ne7 6. Bd3 c5 7.
O-O Nc6 8. Re1 Be7 9. Be3 a6 10. Nbd2 b5 11. Nf1 c4 12. Bc2 b4 13. Qd2 a5 14. Ng3 g6 15. Bg5 Bxg5 16. Nxg5 Qe7 17. Qf4 Ba6 18. h4 h6 19. Nf3 Kd8 20. h5 g5 21. Qd2 Kc7 22. Nh2 Rhb8 23. Ng4 Qf8 24. f4 bxc3 25. bxc3 Qg7 26. f5 Rb2 27. a4 Rab8 28.
Reb1 Qf8 29. Rxb2 Rxb2 30. Qc1 Rb8 31. Rb1 Rxb1 32. Bxb1 Ne7 33. f6 Ng8 34. Bh7 Nb6 35. Bc2 Bb7 36. Qa1 Bc6 37. Kh2 Kb7 38. Nf1 Ka6 39. Ng3 Kb7 40. Bh7 Ka6 41. Bxg8 Qxg8 42. Nxh6 Qh7 43. Ng4 Bxa4 44. Kh3 Bb3 45. Qa3 a4 46. Qe7 Bd1 47. h6 Bxg4+ 48. Kxg4 Qxh6 49.
Nh5 Qg6 50. Ng3 Qh6 51. Kf3 Qg6 52. Kf2 Qc2+ 53. Ne2 Qf5+ 54. Kg1 Qg6 55. Qe8 a3 56. Qe7 Qb1+ 57. Kf2 a2 58. Qa3+ Kb5 59. Qf8 a1=Q 60. Qe8+ Ka6 61. Qxf7 Qf1+ 62. Kg3 Qae1+ 63. Kg4 Qexe2+ 64. Kxg5 Qexg2+ 65. Kh6 Qfh1+ 66. Qh5 Qxh5+ 67. Kxh5 Qf3+ 68.
Kg6 Qxc3 69. f7 Qf3 70. Kg7 c3 71. Kh8 c2 72. Kh7 Qxf7+ 73. Kh8 Qf8+ 74. Kh7 c1=Q 75. Kg6 Qch6# 0-1

[Event "*** Titled Tuesday Blitz"]
[Site "Chess.com"]
[Date "2020.05.19"]
[Round "7"]
[White "Gordima"]
[Black "gena217"]
[Result "0-1"]
[WhiteElo "2782"]
[BlackElo "2873"]
[TimeControl "180+1"]
[EndTime "13:22:47 PDT"]
[Termination "gena217 won on time"]

1. d4 Nf6 2. c4 e6 3. Nc3 Bb4 4. Qc2 O-O 5. Nf3 c5 6. dxc5 Na6 7. g3 Nxc5 8. Bg2 b6 9. O-O Bb7 10. Nb5 Be4 11. Qd1 Nb7 12. Bf4 a6 13. Nd6 Nxd6 14. Bxd6 Bxd6 15. Qxd6 Qb8 16. Rfd1 Qb7 17. Rac1 Rac8 18.
b3 h6 19. Ne1 Bxg2 20. Nxg2 Rc6 21. Qd4 d5 22. Ne3 Rfc8 23. Rb1 dxc4 24. Nxc4 Qc7 25. a4 b5 26. axb5 axb5 27. Ne3 Rc3 28. Rd3 Rxd3 29. Qxd3 Qc5 30. Rd1 Qb4 31. Ra1 Qc3 32.
Rd1 b4 33. Nc4 Nd5 34. e4 Qxd3 35. Rxd3 Nc3 36. Nd6 Ra8 37. Kg2 Ra3 38. Rd4 Rxb3 39. Rc4 Rb2 40. Rc8+ Kh7 41. h4 Rd2 42. Nxf7 Nxe4 43. Ne5 Rxf2+ 44. Kh3 b3 45. h5 Nf6 46.
Rb8 Nxh5 47. Rxb3 Nf6 48. Ng4 Nxg4 49. Kxg4 Rf6 50. Re3 Kg6 51. Kh4 Kf7 52. Kg4 Rf5 53. Rb3 Kf6 54. Rb4 g6 55. Rb8 h5+ 56. Kh3 Rd5 57.
Rf8+ Kg5 58. Rf4 Re5 59. Ra4 Re1 60. Rb4 e5 61. Kg2 Kf5 62. Rb8 Ra1 63. Rf8+ Kg5 64. Rf2 e4 65. Re2 Kf5 66. Rf2+ Ke5 67. Re2 Ra3 68. Rb2 Rd3 69. Rb8 Kd4 70. Rd8+ Ke3 71.
Rg8 Rd6 72. Re8 Kd3 73. Kf2 Rf6+ 74. Ke1 Ke3 75. Ra8 Kf3 76. Ra3+ e3 77. Ra5 Kxg3 78.
Ke2 Kf4 79. Ra4+ Kg5 80. Kxe3 Rf5 81. Ra1 h4 82. Rg1+ Kh5 83. Ke4 Rf8 84. Rb1 g5 85. Rb7 h3 86. Ke3 Kg4 87. Rh7 Kg3 88. Ke2 g4 89.
Ke1 Kg2 90. Ra7 g3 91. Ra2+ Rf2 92. Ra3 h2 93. Rxg3+ Kxg3 0-1

[Event "*** Titled Tuesday Blitz"]
[Site "Chess.com"]
[Date "2020.05.19"]
[Round "7"]
[White "garicradomir"]
[Black "kintoho"]
[Result "1-0"]
[WhiteElo "2299"]
[BlackElo "2421"]
[TimeControl "180+1"]
[EndTime "13:22:48 PDT"]
[Termination "garicradomir won by resignation"]

1. e4 c6 2. d4 d5 3. exd5 cxd5 4.
Bd3 Nf6 5. c3 g6 6. h3 Bg7 7.
Nf3 O-O 8. O-O Nc6 9. Re1 e6 10. Bg5 h6 11. Bf4 Bd7 12. Ne5 Be8 13. Nd2 Nxe5 14.
Bxe5 Nd7 15. Bxg7 Kxg7 16. Nf3 Qf6 17. Ne5 Nxe5 18. Rxe5 b5 19. a3 a5 20. Qe2 Rb8 21. Re3 Qh4 22. Kh2 Bd7 23. g3 Qe7 24. h4 Rb7 25.
Qf3 Qf6 26. Qe2 Qe7 27. Qf3 Qd6 28. h5 g5 29. Rae1 f5 30. Re5 Rf6 31. b4 axb4 32.
axb4 Rc7 33. Bb1 Qc6 34. R1e3 Bc8 35. Qd1 f4 36. gxf4 gxf4 37. Rh3 Qe8 38. Qd3 Qf7 39.
Rh4 Bd7 40. Rg4+ Kf8 41. Rg6 Be8 42. Re1 Rxg6 43. hxg6 Qf6 44. Qh3 Kg7 45. Rxe6 Rxc3 46. Qxc3 Qxe6 47. Qc7+ Kf8 48. Qxf4+ Kg7 49. Qc7+ Kf6 50.
g7 Bf7 51. Bh7 Kxg7 52. Bd3 Qg4 53. Qg3 Qxg3+ 54. Kxg3 Be8 55. Kf4 Kf6 56. Be2 Bd7 57. Bf3 Be6 58. Bg2 h5 59. Bf1 h4 60. Bxb5 h3 61. Bf1 h2 62. Bg2 Bf5 63. Kg3 Be4 64. Kxh2 Bd3 65. Bxd5 Kf5 66. Bg2 Kf4 67. Kg1 Bc4 68. Bf1 Bd5 69. Bd3 Bc6 70. Kf1 Kf3 71. Ke1 Ba4 72. b5 Bb3 73. b6 Bd5 74. Ba6 Ke4 75.
b7 Bxb7 76. Bxb7+ Kxd4 77. Bg2 Ke5 78. Ke2 Kf4 79. f3 Kg3 80. Ke3 Kh4 81. Ke4 Kg5 82. f4+ Kg4 83. f5 Kh5 84. Ke5 Kh6 85. Ke6 Kh7 86.
Ke7 Kg8 87. f6 Kh8 88. f7 Kh7 89. Be4+ Kh6 90. f8=Q+ Kg5 91. Qf5+ Kh4 92. Qg6 1-0

[Event "*** Titled Tuesday Blitz"]
[Site "Chess.com"]
[Date "2020.05.19"]
[Round "7"]
[White "Goryachkina"]
[Black "valeriocarnicelli"]
[Result "0-1"]
[WhiteElo "2623"]
[BlackElo "2563"]
[TimeControl "180+1"]
[EndTime "13:22:51 PDT"]
[Termination "valeriocarnicelli won on time"]

1. d4 Nf6 2. c4 g6 3. Nc3 Bg7 4. e4 d6 5. Be2 O-O 6. Be3 Na6 7. Nf3 e5 8. d5 Nh5 9. Qd2 Qe8 10. O-O-O Nc5 11. Ne1 Nf4 12. Bf3 a5 13. h4 f5 14.
g3 fxe4 15. Nxe4 Nfd3+ 16. Nxd3 Nxd3+ 17. Qxd3 Rxf3 18. h5 Bf5 19. h6 Bh8 20. Rh4 Qa4 21.
Qe2 Bxe4 22. Rxe4 Raf8 23. a3 Qb3 24. Qc2 Qa2 25. Qb1 Qb3 26. Qc2 Qa2 27. Rd3 Bf6 28.
Qd1 Qa1+ 29. Kc2 Qxd1+ 30. Rxd1 Be7 31. b4 axb4 32. axb4 Ra8 33. Kb2 Kf7 34. c5 g5 35.
cxd6 Bxd6 36. Rc1 Kg6 37. Rc2 Kxh6 38. Rg4 Rg8 39. Rc1 Rf5 40. Rh1+ Kg6 41. Kb3 h5 42. Rc4 Rgf8 43. Rxh5 Kxh5 44. g4+ Kg6 45. gxf5+ Rxf5 46. Kc3 Rf8 47. Kd3 Ra8 48. Bc5 Ra4 49. Bxd6 cxd6 50. Kc3 Ra3+ 51. Kb2 Rf3 52. Rc2 Rf4 53. Kb3 Rd4 54. Rc7 b5 55. Rb7 Rd3+ 56. Kc2 Rxd5 57.
Rb6 Kf5 58. Rb8 Ke4 59. Rf8 Kd4 60. Rf3 Kc4 61. Rg3 e4 62. Rg4 Re5 63. f3 d5 64.
fxe4 dxe4 65. Kd2 Kxb4 66. Ke3 Ka3 67. Rg1 b4 68. Rc1 b3 69. Kd4 Re8 70. Rc7 b2 71. Kc3 Ra8 72. Rb7 Rc8+ 73. Kd2 Ka2 74. Ra7+ Kb1 75.
Rb7 g4 76. Rb4 g3 77. Rxe4 g2 78.
Rg4 Rd8+ 79. Kc3 Kc1 80. Rxg2 b1=Q 81. Rg1+ Rd1 82. Rg2 Qa1+ 83. Kb3 Qb1+ 84. Kc3 Re1 85. Rf2 Re3+ 86. Kd4 Qd3+ 0-1

[Event "*** Titled Tuesday Blitz"]
[Site "Chess.com"]
[Date "2020.05.19"]
[Round "7"]
[White "jonaszmb"]
[Black "Corpescador"]
[Result "1-0"]
[WhiteElo "2522"]
[BlackElo "2368"]
[TimeControl "180+1"]
[EndTime "13:22:58 PDT"]
[Termination "jonaszmb won by resignation"]

1. e4 c5 2. Nf3 d6 3. d4 cxd4 4. Nxd4 Nf6 5. Nc3 a6 6. Bc4 e6 7. Bb3 b5 8. Bg5 Be7 9. Qf3 Qc7 10. Bxf6 Bxf6 11. O-O-O O-O 12. g4 Nd7 13. h4 Nc5 14. g5 Be7 15. Rdg1 Bb7 16. a3 Rac8 17.
h5 Nxb3+ 18. Nxb3 a5 19. Qd3 b4 20. Nb5 Qb6 21. a4 Qxf2 22. Kb1 Qf4 23. Re1 Bxg5 24.
Nxa5 Ba8 25. Qxd6 Qxd6 26. Nxd6 Rcd8 27. Ndc4 Bf6 28. e5 Bxh1 29. exf6 Bd5 30. fxg7 Kxg7 31.
Rg1+ Kh6 32. Ne5 f6 33. Ng4+ Kg5 34. c4 Kf4 35. cxd5 Rxd5 36. Nf2 Rd2 37. Nd1 Rfd8 38. Kc1 Rh2 39. Nb3 Rc8+ 40. Kb1 e5 41. Rf1+ Ke4 42.
Rxf6 Rh1 43. Rd6 Ra8 44. Nd2+ Kf5 45. Nc4 e4 46. Ne3+ Kf4 47. b3 Ke5 48. Rd5+ Kf4 49.
Rf5+ Kg3 50. Rg5+ Kf4 51. Rf5+ Kg3 52. Kc2 Rc8+ 53. Kb2 Rd8 54. Rg5+ Kh4 55. Rg4+ Kxh5 56. Rg7 Rh2+ 57. Kb1 h6 58. a5 Ra8 59. Nc4 Rh1 60. Kc1 Rd8 61. Ne3 Rc8+ 62. Nc4 Rh2 63. a6 Ra8 64. a7 e3 65. Nb6 Rxa7 66. Rxa7 e2 67. Re7 exd1=Q+ 68. Kxd1 Kg4 69. Re4+ Kf3 70. Rxb4 h5 71. Nd5 h4 72. Rf4+ Kg3 73. Rf8 h3 74. Rg8+ Kf3 75. Rf8+ Ke4 76. Nf6+ Kd4 77. Ng4 Rg2 78.
Rf4+ Kd3 79. Ke1 Ra2 80. Rf3+ Ke4 81. Rxh3 Kf4 82. Nf2 Ra1+ 83. Ke2 Ra2+ 84. Kf1 Ra1+ 85. Kg2 Rb1 86. Rh4+ Ke3 87. Rb4 Rb2 88. Re4+ Kd2 89. b4 Kc3 90. Re3+ Kxb4 91. Kf3 Kc4 92. Re4+ Kc5 93.
Re5+ Kd6 94. Re3 Rd2 95. Ne4+ Kd5 96. Nxd2 Kd4 97. Ke2 Kc5 98. Nf3 1-0

[Event "*** Titled Tuesday Blitz"]
[Site "Chess.com"]
[Date "2020.05.19"]
[Round "7"]
[White "2L8IWUN"]
[Black "SlavenPastar"]
[Result "1/2-1/2"]
[WhiteElo "2533"]
[BlackElo "2397"]
[TimeControl "180+1"]
[EndTime "13:23:00 PDT"]
[Termination "Game drawn by repetition"]

1. Nf3 d5 2. g3 Nf6 3. Bg2 g6 4. O-O Bg7 5. d4 O-O 6. c4 c6 7. Qb3 Nbd7 8. Nc3 Nb6 9. cxd5 Nbxd5 10. Nxd5 cxd5 11. Bf4 Qb6 12. Rfc1 Qxb3 13. axb3 Ne8 14. Ne5 e6 15. b4 f6 16. Nd3 b6 17. e4 Bb7 18.
exd5 Bxd5 19. Bxd5 exd5 20. b5 g5 21. Be3 Nd6 22. Nb4 Nxb5 23. Nxd5 Rfd8 24. Nc7 Nxc7 25. Rxc7 h6 26. Raxa7 Rxa7 27. Rxa7 f5 28. Rb7 f4 29. gxf4 gxf4 30. Bxf4 Bxd4 31. Bxh6 Rd6 32. Be3 Bxe3 33. fxe3 Rd1+ 34. Kg2 Rd2+ 35. Kg3 Rxb2 36.
h4 Re2 37. Kf4 Rh2 38. Kg5 Re2 39. Kf4 Rh2 40. Kg5 Re2 41. Kg6 Rg2+ 42. Kh6 Re2 43.
Re7 b5 44. h5 Kf8 45. Re4 b4 46. Rxb4 Rxe3 47. Kh7 Rg3 48. Rf4+ Ke7 49. h6 Rg2 50. Rf1 Rg3 51. Kh8 Rg2 52. h7 Rg3 53. Rf4 Rg2 54. Ra4 Rg3 55. Ra8 Kf7 56. Rg8 Rh3 57. Rg5 Rf3 58. Rg2 Rf4 59. Rg8 Rf3 60. Rg7+ Kf8 61.
Ra7 Rg3 62. Ra8+ Kf7 63. Ra7+ Kf8 64. Ra6 Kf7 65. Ra2 Rg1 66. Rf2+ Ke7 67. Rf5 Ke8 68.
Rf3 Ke7 69. Re3+ Kf7 70. Rc3 Kf8 71. Rc8+ Kf7 72. Rg8 Rh1 73. Rg7+ Kf8 74. Rg8+ Kf7 75. Rg2 Rf1 76. Re2 Rf5 77. Rg2 Rf4 78. Rg7+ Kf8 79.
Ra7 Rf3 80. Ra8+ Kf7 81. Rg8 Rf4 82. Rg7+ Kf8 83. Rg5 Kf7 84. Rg3 Rf2 85. Rg4 Rf5 86. Re4 Rf2 87. Re5 Rf3 88. Rg5 Rf2 89. Rg7+ Kf8 90. Ra7 Rf1 91. Ra8+ Kf7 92. Ra3 Kf8 93. Ra2 Rf3 94. Ra1 Kf7 95. Ra2 Kf8 96. Rg2 Kf7 97.
Rg4 Kf8 98. Rg1 Kf7 99. Rg8 Rf4 100. Rg7+ 1/2-1/2

[Event "*** Titled Tuesday Blitz"]
[Site "Chess.com"]
[Date "2020.05.19"]
[Round "7"]
[White "rasmussvane"]
[Black "MirMan90"]
[Result "0-1"]
[WhiteElo "2879"]
[BlackElo "2764"]
[TimeControl "180+1"]
[EndTime "13:23:11 PDT"]
[Termination "MirMan90 won by resignation"]

1. Nf3 Nf6 2. g3 d5 3. Bg2 c6 4. O-O Bf5 5. c4 dxc4 6. Na3 e6 7. Nxc4 Nbd7 8. d4 Be7 9. Bf4 O-O 10. Qb3 Qc8 11. Bd6 Bxd6 12. Nxd6 Qc7 13. Nxf5 exf5 14. Rac1 Qb6 15. Qc2 g6 16. e3 Ne4 17. a3 c5 18. Ne5 Nxe5 19. dxe5 Rac8 20. Bxe4 fxe4 21. Qxe4 Qxb2 22. Rb1 Qxa3 23. Rxb7 Qa6 24. Rc1 c4 25.
e6 Qxe6 26. Qxe6 fxe6 27. Rxa7 Rc6 28. Rc3 Rf7 29. Ra4 Rfc7 30. Kg2 Kf7 31. Kf3 e5 32. Ke4 Ke6 33. g4 Rf7 34. f3 Rfc7 35. h3 Kd6 36. Ra5 Rc5 37. Ra6+ R5c6 38. Ra8 Rc8 39. Ra7 R8c7 40.
Ra5 Rc5 41. Ra1 Ke6 42. Ra6+ R5c6 43. Ra8 Rc8 44. Ra5 Rc5 45. Ra6+ R5c6 46. Ra1 Rc5 47. Rd1 Rb8 48. Rdc1 Rbc8 49. Rd1 Rb8 50. Rdc1 Rbc8 51. Rb1 R8c7 52. Rb2 Rc8 53. h4 R8c7 54. Rh2 Rb7 55. Rhc2 Rbc7 56. Rh2 Rb7 57. Rhc2 Rbc7 58. Rc1 Rc8 59.
Rb1 R8c7 60. Rb6+ R5c6 61. Rb5 Rc5 62. Rb8 Rc8 63. Rb4 R8c7 64. Ra4 Rc8 65. Ra6+ R8c6 66.
Ra7 Rc7 67. Ra2 Rc8 68. Rd2 Rb8 69. Rdc2 Rbc8 70. f4 exf4 71. exf4 R8c7 72. Rd2 R5c6 73. Rd4 Kf6 74. Kf3 Rc8 75. Re4 Rc5 76. g5+ Kf7 77. Kg4 R8c7 78. Rd4 R5c6 79. Re4 Rc5 80. h5 R5c6 81.
h6 Rc5 82. Rd4 R5c6 83. Rd8 Ke6 84. Re3+ Kf7 85. Rh8 c3 86. Rxh7+ Kf8 87. Rh8+ Kf7 88. h7 Kg7 89. Rhe8 Kxh7 90. Rh3+ Kg7 91. Reh8 Kf7 92.
R3h7+ Ke6 93. Re8+ Kd5 94. Rxc7 Rxc7 95. Re1 c2 96. f5 Rc4+ 97. Kf3 gxf5 98. g6 c1=Q 99. g7 Qc3+ 100. Re3 Qxe3+ 0-1